 Dungeon Crawl Stone Soup version 0.25-a0-410-g53dbb631d1 (webtiles) character file.

Game seed: 13906647306589338885, levelgen mode: deterministic

12184 Knytlr the Fighter (level 11, 0/104 HPs)
             Began as a Minotaur Berserker on Jan 13, 2020.
             Was a Priest of Trog.
             Slain by a tyrant leech (12 damage)
             ... on level 2 of the Lair of Beasts.
             The game lasted 01:46:23 (14799 turns).

Knytlr the Fighter (Minotaur Berserker)            Turns: 14799, Time: 01:46:23

Health: 0/104      AC: 15    Str: 24    XL:     11   Next: 59%
Magic:  10/10      EV:  9    Int:  6    God:    Trog [***...]
Gold:   579        SH:  0    Dex: 11    Spells: 10/10 levels left

rFire    x . .     SeeInvis +   m - +6 double sword (holy)
rCold    + . .     Gourm    .   (no shield)
rNeg     . . .     Faith    +   w - +2 chain mail {MR+}
rPois    .         Spirit   .   (helmet unavailable)
rElec    .         Reflect  .   (no cloak)
rCorr    .         Harm     .   y - +0 pair of gloves
MR       +....                  (no boots)
Stlth    ..........             H - amulet "Etauniz" {Faith +Blink Int+2}
HPRegen  0.27/turn              B - ring of see invisible
MPRegen  0.12/turn              b - ring of ice

@: no status effects
A: retaliatory headbutt, horns 3, blink
a: Blink, Berserk, Trog's Hand, Renounce Religion, Evoke Blink


You were on level 2 of the Lair of Beasts.
You worshipped Trog.
Trog was most pleased with you.
You were not hungry.

You visited 3 branches of the dungeon, and saw 14 of its levels.

You collected 579 gold pieces.

Inventory:

Hand Weapons
 f - a +5 dire flail
 m - a +6 double sword of holy wrath (weapon)
 v - a +1 halberd of flaming
 A - a +1 whip of freezing
Missiles
 k - 369 stones
 l - 9 poisoned darts (quivered)
 r - 2 throwing nets
 u - 5 javelins
Armour
 w - a +2 chain mail of magic resistance (worn)
 y - a +0 pair of gloves (worn)
Jewellery
 b - a ring of ice (right hand)
 e - an uncursed ring of flight
 B - a ring of see invisible (left hand)
 C - an uncursed amulet of the acrobat
 H - the amulet "Etauniz" (around neck) {Faith +Blink Int+2}
   (You found it on level 1 of the Lair of Beasts)

   [amulet of faith]

   It allows you to gain divine favour quickly.
   It affects your intelligence (+2).
   It lets you blink.
Wands
 o - a wand of enslavement (8)
 t - a wand of iceblast (13)
 x - a wand of acid (17)
 z - a wand of disintegration (10)
 J - a wand of polymorph (11)
Scrolls
 a - a scroll of magic mapping
 d - 4 scrolls of remove curse
 i - a scroll of enchant armour
 s - 3 scrolls of identify
 D - 2 scrolls of enchant weapon
 F - a scroll of acquirement {unknown}
Potions
 g - a potion of flight
 h - 5 potions of curing
 j - 7 potions of ambrosia
 n - 2 potions of brilliance
 p - 3 potions of lignification
 q - a potion of berserk rage
 E - a potion of might
Miscellaneous
 G - a lightning rod (4/4)
Comestibles
 c - 14 rations
 I - 7 chunks of flesh


   Skills:
 + Level 12.1 Fighting
 * Level 6.3 Long Blades
 - Level 7.8 Maces & Flails
 - Level 11.9 Polearms
 + Level 11.1 Armour
 - Level 2.3 Dodging


You had 10 spell levels left.
You didn't know any spells.
Your spell library was empty.

Dungeon Overview and Level Annotations

Branches:
Dungeon (11/15)            Temple (1/1) D:4            Lair (2/6) D:10
  Swamp (0/4) Lair:2
  Snake: Lair:2-4    Spider: Lair:2-4       Orc: D:9-12

Altars:
Ashenzari
Cheibriados
Dithmenos
Elyvilon
Fedhas
Gozag
Hepliaklqana
Kikubaaqudgha
Makhleb
Nemelex Xobeh
Okawaru
Qazlal
Ru
Sif Muna
Trog
Uskayaw
Vehumet
Wu Jian
Xom
Yredelemnul
Zin
The Shining One


Innate Abilities, Weirdness & Mutations

You reflexively headbutt those who attack you in melee.
You have a pair of large horns on your head.
You can translocate small distances at will.


Message History

* * * LOW HITPOINT WARNING * * *
The tyrant leech draws strength from your injuries!
The tyrant leech bites you but does no damage.
The swamp worm closely misses you.
There is a stone staircase leading up, spattered with blood here.
The swamp worm closely misses you. The tyrant leech closely misses you.
You furiously retaliate!
You headbutt the tyrant leech.
You climb upwards.
There is a stone staircase leading down here.
You can't go up here!
The swamp worm bites you!
* * * LOW HITPOINT WARNING * * *
You climb downwards.
There is a stone staircase leading up, spattered with blood here.
Aiming: Polymorph
Press: ? - help, Shift-Dir - straight line, f - swamp worm
Aim: a swamp worm (chance to defeat MR: 54%)
The swamp worm evaporates and reforms as a shining eye!
The tyrant leech bites you!
You die...

...............
..^.....................
.........................
.....#..........#........
....#..........#.#.......
.........................
.........................
.......>.......G.........
...........<....@.........
................w.........
................รท.........
..........................
..........................
..........................
..........................
..........................
..#.......................


You could see a tyrant leech and a shining eye.

Vanquished Creatures
  Erica (D:9)
  Urug (D:11)
  An unseen horror (D:10)
  The ghost of Tux the Skirmisher, a novice DsAK of Lugonu (D:8)
  Pikel (D:6)
  An ugly thing (D:10)
  A black mamba (Lair:1)
  3 spiny frogs
  3 komodo dragons
  Maggie (D:9)
  A rime drake (Lair:1)
  2 hippogriffs
  A spriggan (D:8)
  A vampire (D:10)
  6 yaks
  A wyvern (D:9)
  Eustachio (D:5)
  A basilisk (D:10)
  Duvessa (D:4)
  Edmund (D:4)
  A water moccasin (Lair:1)
  2 orc warriors (D:10)
  3 porcupines (Lair:1)
  A phantom (D:4)
  3 sky beasts
  5 ogres
  A centaur (D:5)
  A big kobold (D:10)
  6 crocodiles
  3 bullfrogs
  Dowan (D:4)
  A scorpion (D:9)
  4 killer bees (D:9)
  9 howler monkeys
  2 crimson imps
  2 bullfrog zombies
  3 hounds
  A jelly (D:5)
  A quasit (D:9)
  3 bullfrog skeletons
  5 orc priests
  2 centaur skeletons (D:5)
  6 orc wizards
  Ijyb (D:4)
  An iguana (D:8)
  12 worker ants
  A hound skeleton (D:8)
  2 howler monkey zombies
  A worker ant zombie (D:5)
  17 gnolls
  A howler monkey skeleton (D:4)
  16 adders
  5 shadow imps
  2 adder skeletons
  2 adder zombies
  8 worms
  5 dart slugs
  5 leopard geckos
  34 orcs
  4 bats
  2 giant cockroaches
  6 goblins
  6 hobgoblins
  15 jackals
  A quokka (D:6)
  2 ball pythons
  A frilled lizard (D:2)
  A giant cockroach zombie (D:5)
  A jackal skeleton (D:4)
  11 kobolds
  9 rats
  A spectral orc (D:2)
  5 fungi (Lair:1)
  A plant (Lair:1)
275 creatures vanquished.

Vanquished Creatures (others)
  Crazy Yiuf (D:6)
  A fungus (Lair:1)
2 creatures vanquished.

Grand Total: 277 creatures vanquished

Notes
Turn   | Place    | Note
-------+----------+-------------------------------------------
     0 | D:1      | Knytlr the Minotaur Berserker began the quest for the Orb.
     0 | D:1      | Reached XP level 1. HP: 19/19 MP: 0/0
    54 | D:1      | Reached skill level 4 in Fighting
    54 | D:1      | Reached XP level 2. HP: 4/27 MP: 1/1
   801 | D:2      | Reached XP level 3. HP: 33/33 MP: 2/2
   811 | D:2      | Found a radiant altar of Vehumet.
   834 | D:2      | Found a glowing silver altar of Zin.
   836 | D:2      | Found a shadowy altar of Dithmenos.
   836 | D:2      | Found a snail-covered altar of Cheibriados.
   837 | D:2      | Found a blossoming altar of Fedhas.
   891 | D:2      | Reached ** piety under Trog
  1416 | D:2      | Reached XP level 4. HP: 38/41 MP: 3/3
  1425 | D:2      | Found a basalt altar of Yredelemnul.
  1834 | D:3      | Reached skill level 5 in Polearms
  1838 | D:3      | Reached *** piety under Trog
  1909 | D:3      | Reached skill level 5 in Fighting
  1909 | D:3      | Reached XP level 5. HP: 42/48 MP: 4/4
  3162 | D:4      | Noticed Dowan
  3163 | D:4      | Noticed Duvessa
  3235 | D:4      | Noticed Ijyb
  3243 | D:4      | Killed Ijyb
  3243 | D:4      | Reached XP level 6. HP: 38/56 MP: 5/5
  3355 | D:4      | Noticed Edmund
  3529 | D:3      | Gained mutation: You have large cloven feet. [potion of
                  | mutation]
  3529 | D:3      | Gained mutation: Your spells are a little harder to cast,
                  | but a little more powerful. [potion of mutation]
  3530 | D:3      | Lost mutation: Your spells are a little harder to cast, but
                  | a little more powerful. [potion of mutation]
  3530 | D:3      | Lost mutation: You have large cloven feet. [potion of
                  | mutation]
  3530 | D:3      | Gained mutation: You have a pair of large horns on your
                  | head. [potion of mutation]
  3530 | D:3      | Gained mutation: You can translocate small distances at
                  | will. [potion of mutation]
  4186 | D:4      | Found a staircase to the Ecumenical Temple.
  4195 | Temple   | Entered the Ecumenical Temple
  4468 | D:4      | Killed Dowan
  4468 | D:4      | Reached skill level 1 in Maces & Flails
  4472 | D:4      | Reached skill level 6 in Fighting
  4472 | D:4      | Reached skill level 5 in Armour
  4530 | D:5      | Entered Level 5 of the Dungeon
  4579 | D:5      | Noticed a sky beast
  4924 | D:4      | Killed Duvessa
  4924 | D:4      | Reached XP level 7. HP: 63/63 MP: 6/6
  5720 | D:4      | Killed Edmund
  5720 | D:4      | Reached skill level 7 in Fighting
  5930 | D:5      | Reached XP level 8. HP: 70/73 MP: 7/7
  6264 | D:5      | Reached **** piety under Trog
  6295 | D:5      | Reached skill level 8 in Fighting
  6914 | D:6      | Noticed Eustachio
  7095 | D:5      | Killed Eustachio
  7095 | D:5      | Reached skill level 5 in Maces & Flails
  7417 | D:6      | Found a runed translucent door.
  7417 | D:6      | Noticed Crazy Yiuf
  7418 | D:6      | Noticed Pikel
  7483 | D:6      | Killed Pikel
  7483 | D:6      | Reached skill level 9 in Fighting
  7483 | D:6      | Reached XP level 9. HP: 73/84 MP: 8/8
  7486 | D:6      | Killed Crazy Yiuf
  7719 | D:7      | Got a dazzling hand axe
  8120 | D:8      | Reached ***** piety under Trog
  8120 | D:8      | Received a gift from Trog
  8170 | D:8      | Reached skill level 10 in Fighting
  8345 | D:8      | Noticed Tux's ghost (novice DsAK)
  8346 | D:8      | Found a transporter.
  8346 | D:8      | Found a transporter.
  8628 | D:8      | Killed Tux's ghost
  8655 | D:8      | Got a translucent leather armour
  8731 | D:9      | Reached XP level 10. HP: 66/94 MP: 9/9
  9156 | D:9      | Noticed Erica
  9183 | D:9      | Killed Erica
  9507 | D:9      | Reached skill level 10 in Polearms
  9636 | D:9      | Noticed Maggie
  9653 | D:9      | Killed Maggie
  9955 | D:10     | Entered Level 10 of the Dungeon
 10176 | D:10     | Reached skill level 11 in Fighting
 10431 | D:10     | Found a white marble altar of Elyvilon.
 10454 | D:10     | Noticed a red ugly thing
 10927 | D:10     | Killed a red ugly thing
 11263 | D:10     | Noticed Urug
 11279 | D:10     | Reached skill level 10 in Armour
 11512 | D:11     | Killed Urug
 11725 | D:10     | Found a staircase to the Lair.
 12103 | D:10     | Killed an unseen horror
 12103 | D:10     | Reached XP level 11. HP: 102/102 MP: 10/10
 12785 | Lair:1   | Entered Level 1 of the Lair of Beasts
 13783 | Lair:1   | Got a shimmering bone amulet
 13784 | Lair:1   | Identified the amulet "Etauniz" {Faith +Blink Int+2} (You
                  | found it on level 1 of the Lair of Beasts)
 13905 | Lair:1   | Reached skill level 5 in Long Blades
 14004 | Lair:1   | Received a gift from Trog
 14317 | Lair:1   | Reached skill level 12 in Fighting
 14755 | Lair:2   | Found a staircase to the Swamp.
 14799 | Lair:2   | Noticed a shining eye
 14799 | Lair:2   | a swamp worm changed into a shining eye
 14799 | Lair:2   | Slain by a tyrant leech

Levels and vault maps discovered:
D:1:      dpeg_arrival_tiny_g, layout_basic
D:2:      layout_basic, yredelemnul_forgotten_temple_becter,
          grunt_temple_overflow_open
D:3:      layout_loops_ring, first_ration
D:4:      layout_basic, minmay_temple_entry_purple_smoke, uniq_edmund,
          uniq_duvessa, uniq_ijyb
D:5:      layout_rooms
D:6:      layout_rooms, uniq_eustachio, uniq_crazy_yiuf_cottage, uniq_pikel
D:7:      layout_basic
D:8:      layout_basic, gammafunk_ghost_smash, the_bakery, chequers_garden
D:9:      layout_roguey, uniq_erica, uniq_maggie
D:10:     layout_layer_cave, lair_entry_dummy, wad_floor_pattern_1,
          grunt_ministairs_9, eino_small_chamber_without_monster,
          elyvilon_altar_5, uniq_urug
D:11:     layout_loops_ring, lightli_bailey_entry_fortress,
          minmay_crystal_water, minmay_misc_feat_square
Temple:   eino_temple_rhombus
Lair:1:   layout_chaotic_city, beast_lair_carwin_6
Lair:2:   layout_hall_layers, minmay_swamp_entry_worms

Skill      XL: |  1  2  3  4  5  6  7  8  9 10 11 |
---------------+----------------------------------+-----
Fighting       | 4 5 6 7 9 10 11 12 | 12.1
Polearms       | 4 5 6 8 11 | 11.9
Armour         | 3 4 5 6 7 8 10 11 | 11.1
Maces & Flails | 2 3 5 7 |  7.8
Long Blades    | 2 6 |  6.3
Dodging        | |  2.3

Action                   |  1- 3 |  4- 6 |  7- 9 | 10-12 || total
-------------------------+-------+-------+-------+-------++-------
Melee: Spear             |   104 |    98 |       |       ||   202
       Headbutt          |    17 |    36 |    74 |    57 ||   184
       Club              |       |    44 |    60 |       ||   104
       Flail             |       |       |   130 |       ||   130
       Halberd           |       |       |    62 |   134 ||   196
       Whip              |       |       |    57 |       ||    57
       Double sword      |       |       |       |   151 ||   151
Throw: Stone             |       |       |     3 |       ||     3
       Dart              |       |       |       |     9 ||     9
Invok: Berserk           |       |     1 |     1 |       ||     2
       Trog's Hand       |       |       |       |     1 ||     1
Evoke: Wand              |       |       |     3 |     3 ||     6
  Use: Scroll            |     5 |     5 |     6 |     7 ||    23
       Potion            |       |     2 |     1 |     8 ||    11
  Eat: Chunk             |     1 |     2 |     9 |     7 ||    19
       Ration            |     1 |     2 |     2 |     3 ||     8
Armor: Animal skin       |     4 |       |       |       ||     4
       Leather armour    |    14 |    21 |       |       ||    35
       Chain mail        |       |       |   159 |   192 ||   351
       Ring mail         |       |       |    50 |    16 ||    66
Dodge: Dodged            |    55 |    71 |   163 |   151 ||   440
       Rpst.: Double sword |       |       |       |    12 ||    12

Table legend:
 A = Non-vault XP
 B = Vault XP
 C = Vault XP percentage of total XP
 D = Non-vault monster count
 E = Vault monster count
 F = Vault count percentage of total count
                 A         B        C        D         E       F
            +---------+---------+-------+---------+---------+-------
      Total |   11342 |    6064 |  34.8 |     246 |      24 |   8.9
            +---------+---------+-------+---------+---------+-------
        D:1 |      38 |       0 |   0.0 |      19 |       0 |   0.0
        D:2 |      81 |       1 |   1.2 |      22 |       1 |   4.3
        D:3 |      97 |       0 |   0.0 |      24 |       0 |   0.0
        D:4 |     725 |     392 |  35.1 |      30 |       4 |  11.8
        D:5 |     835 |     202 |  19.5 |      35 |       1 |   2.8
        D:6 |     211 |     621 |  74.6 |      12 |       2 |  14.3
        D:7 |     313 |       0 |   0.0 |      11 |       0 |   0.0
        D:8 |     708 |    1198 |  62.9 |      22 |       5 |  18.5
        D:9 |    1136 |    1301 |  53.4 |      23 |       3 |  11.5
       D:10 |    3469 |     614 |  15.0 |      33 |       2 |   5.7
       D:11 |       0 |     863 | 100.0 |       0 |       1 | 100.0
     Lair:1 |    2753 |     872 |  24.1 |      11 |       5 |  31.2
     Lair:2 |     976 |       0 |   0.0 |       4 |       0 |   0.0
            +---------+---------+-------+---------+---------+-------
